 Dungeon Crawl Stone Soup version 0.24.0-13-gcf9b319 (webtiles) character file.

Game seed: 11195985348414921937, levelgen mode: deterministic

114 Golfball the Skirmisher (level 4, -4/30 HPs)
             Began as a Gargoyle Fighter on May 4, 2020.
             Was an Initiate of Makhleb.
             Slain by an orc warrior
             ... wielding a +0 scimitar
              (16 damage)
             ... on level 2 of the Dungeon.
             The game lasted 00:06:16 (1979 turns).

Golfball the Skirmisher (Gargoyle Fighter)          Turns: 1979, Time: 00:06:16

Health: -4/30      AC: 10    Str: 21    XL:     4   Next: 98%
Magic:  4/4        EV:  7    Int:  8    God:    Makhleb [......]
Gold:   105        SH:  9    Dex: 15    Spells: 3/3 levels left

rFire    . . .     SeeInvis .   a - +0 flail
rCold    . . .     Gourm    .   c - +0 shield
rNeg     + . .     Faith    .   q - +0 scale mail
rPois    ∞         Spirit   .   (no helmet)
rElec    +         Reflect  .   (no cloak)
rCorr    .         Harm     .   (no gloves)
MR       .....                  (no boots)
Stlth    ..........             (no amulet)
HPRegen  0.10/turn              l - +6 ring of dexterity
MPRegen  0.09/turn              (no ring)

@: no status effects
A: negative energy resistance 1, electricity resistance, unbreathing,
petrification resistance, rot immunity, AC +3
a: Renounce Religion


You were on level 2 of the Dungeon.
You worshipped Makhleb.
Makhleb was noncommittal.
You were hungry.

You visited 1 branch of the dungeon, and saw 3 of its levels.

You collected 105 gold pieces.

Inventory:

Hand Weapons
 a - a +0 flail (weapon)
 b - a +1 hunting sling of flaming
Missiles
 i - 71 stones (quivered)
 j - 8 atropa-tipped darts
Armour
 c - a +0 shield (worn)
 q - a +0 scale mail (worn)
Jewellery
 l - a +6 ring of dexterity (left hand)
Scrolls
 g - a scroll of immolation {unknown}
 h - a scroll of remove curse {unknown}
 k - a scroll of identify
 m - 3 scrolls of teleportation {unknown}
 o - a scroll of enchant weapon {unknown}
 r - a scroll of magic mapping {unknown}
 t - a scroll of fog {unknown}
 u - a scroll of noise {unknown}
Potions
 d - a potion of might
 e - a potion of lignification
 n - 2 potions of resistance
 p - a potion of brilliance
 v - a potion of curing {unknown}
 w - a potion of mutation {unknown}
Comestibles
 f - 6 rations
 s - 2 chunks of flesh


   Skills:
 + Level 4.8 Fighting
 + Level 3.7 Maces & Flails
 - Level 3.2 Armour
 - Level 3.2 Shields


You had 3 spell levels left.
You didn't know any spells.
Your spell library was empty.

Dungeon Overview and Level Annotations

Branches:
Dungeon (3/15)

Altars:
Makhleb


Innate Abilities, Weirdness & Mutations

You are resistant to torment.
Your stone body is resilient. (AC +3)
You are immune to poison.
You resist negative energy. (rN+)
You are resistant to electric shocks. (rElec)
You can survive without breathing.
You are immune to petrification.
You are immune to rotting.


Message History

There is a stone staircase leading down here.
You are feeling hungry.
You closely miss the orc warrior.
The orc warrior hits you with a +0 scimitar.
You closely miss the orc warrior.
The orc warrior hits you with a +0 scimitar!
You hit the orc warrior but do no damage.
You block the orc warrior's attack.
You sock the orc warrior!
The orc warrior is moderately wounded.
You block the orc warrior's attack.
You closely miss the orc warrior.
The orc warrior is moderately wounded.
The orc warrior hits you but does no damage.
You hit the orc warrior.
The orc warrior is heavily wounded.
The orc warrior barely misses you.
The orc warrior hits you with a +0 scimitar!
Ouch! That really hurt!
You die...

#.##
#.###..........##.......
#.########.#
##.....###....######
#..........# ##...##
###### ##########.#
##.## #.# #.# #.# #.#
#.# #.# ####
#######.######o# #...
#........)..[@.# #.##
#.#####.#####..#
######># #.# #.#
#..#######......# #.#
#.# #............#..##
#.# #.#
#.########........ #.#
#.#####..........###..##
#.#
#.......########......#
#.# #######.# ######.#
#.# #.# #.#


You could see an orc warrior.

Vanquished Creatures
  An orc wizard (D:2)
  5 adders (D:2)
  3 dart slugs
  7 bats
  A giant cockroach (D:1)
  2 goblins
  6 hobgoblins
  2 ball pythons (D:2)
  2 frilled lizards
  3 kobolds (D:2)
  6 rats
38 creatures vanquished.

Notes
Turn   | Place    | Note
-------+----------+-------------------------------------------
     0 | D:1      | Golfball the Gargoyle Fighter began the quest for the Orb.
     0 | D:1      | Reached XP level 1. HP: 14/14 MP: 1/1
   298 | D:1      | Reached XP level 2. HP: 19/19 MP: 2/2
  1124 | D:2      | Reached XP level 3. HP: 24/24 MP: 3/3
  1130 | D:2      | Reached skill level 4 in Fighting
  1336 | D:2      | Reached XP level 4. HP: 28/30 MP: 4/4
  1516 | D:2      | Found a burning altar of Makhleb.
  1524 | D:2      | Became a worshipper of Makhleb the Destroyer
  1951 | D:3      | Noticed an orc warrior
  1979 | D:2      | Slain by an orc warrior

Levels and vault maps discovered:
D:1:      minmay_arrival_floating_metal, layout_basic,
          chequers_serial_rivers_small_3
D:2:      layout_loops_ring, lemuel_coloured_pillars_altar
D:3:      layout_basic, first_ration, nrook_mini_vaults, chequers_big_river

Skill      XL: |  1  2  3 |
---------------+----------+-----
Fighting       | 4 |  4.8
Maces & Flails | 3 |  3.7
Armour         | |  3.2
Shields        | |  3.2

Action                   |  1- 3 |  4- 6 || total
-------------------------+-------+-------++-------
Melee: Flail             |    76 |    33 ||   109
 Fire: Hunting sling     |    16 |    12 ||    28
  Use: Scroll            |     3 |       ||     3
  Eat: Chunk             |     1 |     2 ||     3
Armor: Scale mail        |    40 |    19 ||    59
Dodge: Dodged            |    28 |    13 ||    41
Block: Shield            |    32 |    11 ||    43
